 Dungeon Sprint DCSS version 0.28.0-45-g0d030f2227 (webtiles) character file.

Game seed: 8847369683266234219

1777 Baz the Thaumaturge (level 9, -11/76 HPs)
             Began as a Djinni Ice Elementalist on Apr 5, 2022.
             Mangled by a flying skull (12 damage)
             ... in the Dungeon (Sprint II: "The Violet Keep of Menkaure").
             The game lasted 00:03:41 (955 turns).

Baz the Thaumaturge (Djinni Ice Elementalist)        Turns: 955, Time: 00:03:42

Health: -11/76     AC:  2    Str:  7    XL:     9   Next: 29%
Gold:   729        EV: 12    Int: 19    God:
                   SH:  0    Dex: 14

rFire   + + .      SeeInvis .   (no weapon)
rCold   x . .      Faith    .   (no shield)
rNeg    . . .      Spirit   .   a - +0 robe
rPois   ∞          Reflect  .   (helmet currently unavailable)
rElec   .          Harm     .   (no cloak)
rCorr   .          Rampage  .   (no gloves)
Will    .....      NoTele   +   (boots unavailable)
Stlth   ++........              (no amulet)
HPRegen 0.22/turn               (no ring)
MPRegen 0.00/turn               (no ring)

@: appendages, freezing walls, flying
A: horns 2, flying, sickness immunity, fire resistance 2, cold vulnerability 1,
float, innate caster, HP casting, extra vitality 1, dopey 1
a: End Transformation


You were in the Dungeon.
You had temporarily grown beastly horns.
You visited 1 branch You collected 729 gold pieces.

Inventory:

Armour
 a - a +0 robe (worn)
Scrolls
 f - a scroll of blinking


   Skills:
 + Level 11.5 Fighting
 - Level 2.1 Dodging
 - Level 1.5 Stealth
 * Level 12.9 Spellcasting


You had 13 spell levels left.
You knew the following spells:

 Your Spells              Type           Power      Damage    Failure   Level
a - Freeze                Ice            100%       1d11      1%          1
b - Frozen Ramparts       Ice            100%       1d12      1%          3
c - Ozocubu's Armour      Ice            57%        N/A       1%          3
d - Hailstorm             Conj/Ice       57%        3d12      1%          4
e - Beastly Appendage     Tmut           100%       N/A       1%          1
f - Wereblood             Tmut           57%        N/A       1%          2
g - Ensorcelled Hibernat  Hex/Ice        100%       N/A       1%          2
h - Fulminant Prism       Conj/Hex       28%        3d14      1%          4
Your spell library was empty.

Dungeon Overview and Level Annotations

Branches:
Dungeon (1/1)

Altars:

Shops:
D !=[=

Annotations:
D Kirke


Innate Abilities, Weirdness & Mutations

You have temporarily grown beastly horns.
You are flying.
You are immune to sickness and miasma.
You are immune to poison.
Your flesh is very heat resistant. (rF++)
You are vulnerable to cold. (rC-)
You float through the air rather than walking.
You learn spells naturally, not from books.
Your magical power is your life essence.
You have superior vitality. (+4 MHP)
You are dopey. (Int -2)


Message History

Press: ? - help, Dir - look around, f - activate The walls around you are covered in ice.
* * * LOW HITPOINT WARNING * * *
The wall freezes the kobold demonologist!
The kobold demonologist hits you with a +0 dagger.
* * * LOW HITPOINT WARNING * * *
Casting: Frozen Ramparts (safe; 1% risk of failure)
Confirm with . or Enter, or press ? or * to list all spells.
Aiming: Freeze (safe; 1% risk of failure)
Press: ? - help, Shift-Dir - straight line, f - kobold demonologist
Aim: a kobold demonologist, wielding a +0 dagger and wearing a +0 robe (almost dead)
You freeze the kobold demonologist!
You kill the kobold demonologist!
* * * LOW HITPOINT WARNING * * *
You start resting.
The frozen ramparts melt away.
You start resting.
A flying skull is nearby!
You aren't carrying any potions.
Unknown command.
You aren't carrying any items that you can evoke.
Unknown command.
Casting: Freeze (safe; 1% risk of failure)
Confirm with . or Enter, or press ? or * to list all spells.
Casting: Frozen Ramparts (safe; 1% risk of failure)
Press: ? - help, Dir - look around, f - activate The walls around you are covered in ice.
* * * LOW HITPOINT WARNING * * *
The flying skull resists.
The wall freezes the flying skull.
The flying skull hits you.
* * * LOW HITPOINT WARNING * * *
You aren't carrying any potions.
Unknown command.
Casting: Frozen Ramparts (safe; 1% risk of failure)
Confirm with . or Enter, or press ? or * to list all spells.
You don't have enough health to cast this spell.
Unknown command.
The flying skull resists.
The wall freezes the flying skull.
The flying skull hits you!
You die... # ...z.....# cK## zzzz°.. c@.≈ zzzz

####@≈#+++#+++##
###≈≈≈.........#
..#≈≈≈≈.##'##..#
..#≈≈≈≈####.## #
..#≈≈≈≈#..##z#
∩.#≈≈####..@## #
.∩#≈##.###'## .##
∩.#≈#.#.##.##$B.#
.∩+ +###÷.<.+#
#.#.##.##B..#
##.###†## .##
####...# #
#..#..# ##.#.##


You could see a flying skull.

Vanquished Creatures
  A kobold demonologist (D)
  A flying skull (D)
  2 wyverns (D)
  4 neqoxecs (D)
  Menkaure (D)
  A water moccasin (D)
  4 necrophages (D)
14 creatures vanquished.

Notes
Turn   | Place    | Note
-------+----------+-------------------------------------------
     0 | D        | Baz the Djinni Ice Elementalist began the quest for the
                  | Orb.
     0 | D        | Reached XP level 1. HP: 15/15 MP: 0/0
     1 | D        | Noticed a boulder beetle
     1 | D        | Noticed a boulder beetle
     5 | D        | Noticed a wyvern
     5 | D        | Noticed a wyvern
     8 | D        | Noticed a neqoxec
     8 | D        | Noticed a neqoxec
     8 | D        | Noticed a neqoxec
     8 | D        | Noticed a neqoxec
    14 | D        | Gained mutation: You are dopey. (Int -2) [a neqoxec]
    21 | D        | Killed a neqoxec
    22 | D        | Reached skill level 5 in Fighting
    22 | D        | Reached skill level 7 in Spellcasting
    22 | D        | Reached XP level 2. HP: 3/28 MP: 0/0
    22 | D        | Reached XP level 3. HP: 4/33 MP: 0/0
    22 | D        | Learned a level 1 spell: Beastly Appendage
    22 | D        | Reached XP level 4. HP: 4/39 MP: 0/0
    22 | D        | Reached XP level 5. HP: 5/43 MP: 0/0
    22 | D        | Learned a level 2 spell: Wereblood
    30 | D        | HP: 1/64 [neqoxec (8)]
    31 | D        | Killed a neqoxec
    32 | D        | Reached skill level 8 in Spellcasting
    32 | D        | Reached XP level 6. HP: 1/53 MP: 0/0
    32 | D        | Killed a neqoxec
    33 | D        | Reached skill level 9 in Spellcasting
    33 | D        | Reached XP level 7. HP: 1/59 MP: 0/0
    33 | D        | Learned a level 2 spell: Ensorcelled Hibernation
    33 | D        | Killed a neqoxec
    34 | D        | Reached skill level 10 in Spellcasting
   329 | D        | Noticed a flying skull
   329 | D        | Noticed a flying skull
   329 | D        | Noticed a flying skull
   329 | D        | Noticed a flying skull
   330 | D        | Noticed a flying skull
   330 | D        | Noticed a flying skull
   330 | D        | Noticed a flying skull
   330 | D        | Noticed a flying skull
   331 | D        | Noticed a flying skull
   331 | D        | Noticed a flying skull
   331 | D        | Noticed a flying skull
   331 | D        | Noticed a flying skull
   331 | D        | Noticed Menkaure
   337 | D        | Killed Menkaure
   579 | D        | Killed a wyvern
   579 | D        | Killed a wyvern
   580 | D        | Reached skill level 10 in Fighting
   580 | D        | Reached skill level 11 in Spellcasting
   580 | D        | Reached XP level 8. HP: 46/68 MP: 0/0
   749 | D        | Reached skill level 12 in Spellcasting
   867 | D        | Found Fykipetz's Antique Armour Shoppe.
   867 | D        | Found Vinew Corebi's Jewellery Emporium.
   867 | D        | Noticed Kirke
   867 | D        | Noticed a yaktaur captain
   867 | D        | Noticed a kobold demonologist
   868 | D        | Found Ubygyruizu's Distillery.
   868 | D        | Found Budops's Jewellery Shoppe.
   868 | D        | Noticed a centaur warrior
   930 | D        | Killed a flying skull
   931 | D        | Reached XP level 9. HP: 23/76 MP: 0/0
   931 | D        | Learned a level 4 spell: Fulminant Prism
   935 | D        | Killed a kobold demonologist
   954 | D        | HP: 1/76 [flying skull (3)]
   955 | D        | Mangled by a flying skull

Illustrated notes

Levels and vault maps discovered:
D:        the_violet_keep_of_menkaure [sprint2_stairs_cluster_1,
          sprint2_shoproom, sprint2_temple, sprint2_basic_supplies,
          sprint2_obstacle_2, sprint2_obstacle_3, sprint2_obstacle_1,
          sprint2_obstacle_5, sprint2_obstacle_6, sprint2_timed_cluster_1,
          sprint2_smallroom_cluster_1, sprint2_smallroom_final_cluster_1,
          sprint2_transparent_cluster_1, sprint2_second_timed_cluster_1,
          sprint2_sniper_area_1, sprint2_heavy_combat_area_1,
          sprint2_mutation_trap_area_1, sprint2_forest_area_1,
          sprint2_light_combat_area_1, sprint2_behind_water_1,
          sprint2_near_end_vault_1]

Skill      XL: |  1  2  3  4  5  6  7  8 |
---------------+-------------------------+-----
Fighting       | 5 7 8 10 11 | 11.5
Spellcasting   | 7 8 9 11 12 | 12.9
Dodging        | |  2.1
Stealth        | |  1.5

Action                   |  1- 3 |  4- 6 |  7- 9 || total
-------------------------+-------+-------+-------++-------
Melee: Unarmed           |       |     6 |    10 ||    16
       Punch             |       |     1 |       ||     1
       Headbutt          |       |       |     1 ||     1
 Cast: Freeze            |    11 |       |    25 ||    36
       Frozen Ramparts   |       |     1 |     9 ||    10
       Ozocubu's Armour  |       |     1 |     3 ||     4
       Beastly Appendage |       |       |     2 ||     2
  Use: Potion            |     2 |     2 |       ||     4
Armor: Robe              |       |     1 |     3 ||     4
Dodge: Dodged            |     4 |     2 |    17 ||    23
